 Dungeon Crawl Stone Soup version 0.29.0-15-g675c0067aa (webtiles) character file.

Game seed: 6212902500054827043

364 qw the Cleaver (level 6, 0/78 HPs)
             Began as a Minotaur Berserker on Sept 11, 2022.
             Was a Priest of Trog.
             Succumbed to a wight's poison
             ... on level 4 of the Dungeon.
             The game lasted 00:01:04 (3771 turns).

qw the Cleaver (Minotaur Berserker)                 Turns: 3771, Time: 00:01:05

Health: 0/78       AC:  5    Str: 23    XL:     6   Next: 39%
Magic:  5/5        EV: 11    Int:  4    God:    Trog [***...]
Gold:   104        SH:  0    Dex: 16    Spells: 5/5 levels left

rFire   . . .      SeeInvis .   Y - +0 hand axe
rCold   . . .      Faith    .   (no shield)
rNeg    . . .      Spirit   .   o - +0 ring mail
rPois   .          Reflect  .   (helmet restricted)
rElec   .          Harm     .   (no cloak)
rCorr   +          Rampage  .   (no gloves)
Will    .....                   (no boots)
Stlth   ..........              (no amulet)
HPRegen 0.23/turn               j - ring of resist corrosion
MPRegen 0.09/turn               c - +6 ring of dexterity

@: berserking, lethally poisoned (0 -> -9), very quick
A: horns 2, retaliatory headbutt
a: Renounce Religion, Berserk, Trog's Hand


You were on level 4 of the Dungeon.
You worshipped Trog.
Trog was most pleased with you.
You visited 1 branch of the dungeon, and saw 4 of its levels.

You collected 153 gold pieces.
You spent 49 gold pieces at shops.


Innate Abilities, Weirdness & Mutations

You have a pair of horns on your head.
You reflexively headbutt those who attack you in melee.


   Skills:
 - Level 4.1 Fighting
 + Level 8.2 Axes
 - Level 1.4 Throwing
 - Level 2.4 Armour
 - Level 2.1 Dodging


You had 5 spell levels left.
You didn't know any spells.
Your spell library was empty.

Inventory:

Hand Weapons
 q - a +0 flail
 Y - a +0 hand axe (weapon)
Missiles
 d - a boomerang (quivered)
Armour
 e - an orb of light
 l - a +0 pair of gloves
 o - a +0 ring mail (worn)
Jewellery
 c - a +6 ring of dexterity (right hand)
 j - a ring of resist corrosion (left hand)
Scrolls
 a - a scroll of identify
 f - a scroll of noise {unknown}
 g - a scroll of enchant armour
 p - a scroll of teleportation
Potions
 b - 2 potions of heal wounds {unknown}
 h - 4 potions of curing
 i - a potion of ambrosia {unknown}
 k - a potion of mutation {unknown}
 n - a potion of resistance

Dungeon Overview and Level Annotations

Branches:
Dungeon (4/15)             Temple (0/1) D:4

Altars:
Kikubaaqudgha
Qazlal

Shops:
D:1 !   D:3 *


Message History

You hit the wight but do no damage.
The wight is almost destroyed.
The wight hits you with a +0 short sword!
You feel drained.
You barely miss the wight. Your headbutt misses the wight.
The wight is almost destroyed.
You hit the wight. The wight barely misses you. The wight closely misses you.
You hit the wight but do no damage. You headbutt the wight.
You destroy the wight!
Trog accepts your kill.
You barely miss the wight.
Your life force feels restored.
You hit the wight but do no damage.
The wight is moderately damaged.
The wight hits you with a +1 flail of venom!
You are lethally poisoned!
3768 ||| INVOKING Berserk.
A red film seems to cover your vision as you go berserk!
You feel yourself moving faster!
You feel mighty!
You feel very sick.
The wight hits you with a +1 flail of venom!
The wight hits you with a +2 flail.
You feel drained.
You slash the wight!
You destroy the wight!
Trog accepts your kill.
You barely miss the wight.
You feel sick. The wight barely misses you.
Your life force feels restored.
You have reached level 6!
You slash the wight!
You destroy the wight!
Trog accepts your kill.
You hit the wight.
You feel sick. The wight hits you with a +0 falchion.
Your Axes skill increases to level 8!
You slash the wight!
You destroy the wight!
Trog accepts your kill.
You die...

..## ###..#.#.#
#.# # ##)....# ..
+. #.#%### #.#
##.#.# #.###..#.#
#.....##.#
##...###.#
......#.###.#
#...)##..)@.#
....(.(#w##)......
#.##.#.#..#.#'###.
. .. ...z.#.. ..
... .#.#..#... ...
.# #.#.#..z.... ##
# #.#.#!.....
#.#...(..###


You could see a dart slug.

Vanquished Creatures
  4 wights (D:4)
  Jessica (D:2)
  An iguana (D:4)
  Natasha (D:4)
  5 adders
  7 orcs (D:4)
  2 bats
  8 endoplasms
  4 giant cockroaches
  9 goblins
  4 hobgoblins
  2 jackals (D:2)
  5 kobolds
  4 quokkas
  8 ball pythons
  2 frilled lizards (D:1)
  21 rats
88 creatures vanquished.

Vanquished Creatures (others)
  2 plants (D:1)
2 creatures vanquished.

Grand Total: 90 creatures vanquished

Notes
Turn   | Place    | Note
-------+----------+-------------------------------------------
     0 | D:1      | qw the Minotaur Berserker began the quest for the Orb.
     0 | D:1      | Reached XP level 1. HP: 19/19 MP: 0/0
     0 | D:1      | 0 ||| qw: Version: 0.1-a-119-g272c26d
     0 | D:1      | 0 ||| qw: Game counter: 10637
     0 | D:1      | 0 ||| qw: Always use a shield: true
     0 | D:1      | 0 ||| qw: Do Orc after D:15 true
     0 | D:1      | 0 ||| qw: Do second Lair branch before Depths: true
     0 | D:1      | 0 ||| qw: Lair rune preference: random
     0 | D:1      | 0 ||| qw: Plans: Normal
     0 | D:1      | 0 ||| PLANNING D:1-11
    29 | D:1      | 29 ||| Stepping ~*~*~tactically~*~*~ (stealth).
    31 | D:1      | 31 ||| Stepping ~*~*~tactically~*~*~ (stealth).
    33 | D:1      | 33 ||| Stepping ~*~*~tactically~*~*~ (stealth).
    41 | D:1      | Reached skill level 4 in Axes
    54 | D:1      | 54 ||| Stepping ~*~*~tactically~*~*~ (stealth).
   133 | D:1      | Found a faded altar of an unknown god.
   147 | D:1      | Reached XP level 2. HP: 26/26 MP: 1/1
   223 | D:1      | 223 ||| DROPPING +0 club.
   304 | D:1      | Found Koidgh's Distillery.
   315 | D:1      | 315 ||| SHOPLISTING potion of curing (33 gold, have 0).
   315 | D:1      | 315 ||| SHOPLISTING potion of haste (110 gold, have 0).
   641 | D:1      | Reached skill level 5 in Axes
   815 | D:1      | Reached XP level 3. HP: 31/31 MP: 2/2
   999 | D:1      | 999 ||| UPGRADING to ring of resist corrosion.
  1000 | D:1      | 1000 ||| READING 2 scrolls labelled EMYMOA ALIGINT.
  1001 | D:1      | 1001 ||| READING scroll labelled YRO LEZ IQU.
  1002 | D:1      | 1002 ||| READING scroll labelled CAVVAKARUN.
  1007 | D:1      | 1007 ||| READING scroll labelled ATREUJ UTIDGHO.
  1008 | D:1      | 1008 ||| READING scroll labelled OHENIA UNANWIXT.
  1045 | D:2      | Reached ** piety under Trog
  1454 | D:2      | Found a stormy altar of Qazlal.
  1586 | D:2      | Reached skill level 6 in Axes
  1586 | D:2      | Reached XP level 4. HP: 29/39 MP: 3/3
  1681 | D:2      | Noticed Jessica
  1682 | D:2      | 1682 ||| Stepping ~*~*~tactically~*~*~ (hiding).
  1785 | D:2      | Killed Jessica
  2072 | D:2      | 2072 ||| UPGRADING to +0 leather armour.
  2082 | D:2      | 2082 ||| DROPPING +0 animal skin.
  2083 | D:2      | 2083 ||| UPGRADING to +0 ring mail.
  2093 | D:2      | 2093 ||| DROPPING +0 leather armour.
  2094 | D:2      | 2094 ||| UPGRADING to +6 ring of dexterity.
  2095 | D:2      | 2095 ||| READING scroll labelled ACEERI OWUNUK.
  2228 | D:2      | 2228 ||| READING scroll labelled UDGHAB GEIWKEXA.
  2229 | D:2      | 2229 ||| DRINKING 3 puce potions.
  2230 | D:2      | 2230 ||| DRINKING 2 amethyst potions.
  2271 | D:2      | 2271 ||| DRINKING 2 fizzy green potions.
  2272 | D:2      | 2272 ||| DROPPING potion of lignification.
  2294 | D:3      | Found Cininly's Assorted Antiques.
  2297 | D:3      | 2297 ||| SHOPLISTING 2 potions of resistance (520 gold,
                  | have 72).
  2297 | D:3      | 2297 ||| SHOPLISTING embroidered cloak (195 gold, have 72).
  2297 | D:3      | 2297 ||| BUYING metallic grey potion (23 gold).
  2297 | D:3      | Bought a metallic grey potion for 23 gold pieces
  2297 | D:3      | 2297 ||| SHOPLISTING potion of curing (78 gold, have 49).
  2297 | D:3      | 2297 ||| SHOPLISTING scale mail (104 gold, have 49).
  2297 | D:3      | 2297 ||| BUYING scroll labelled OMUHOO ECOCLO (26 gold).
  2297 | D:3      | Bought a scroll labelled OMUHOO ECOCLO for 26 gold pieces
  2429 | D:3      | Found an ancient bone altar of Kikubaaqudgha.
  2858 | D:3      | 2858 ||| Stepping ~*~*~tactically~*~*~ (stealth).
  2859 | D:3      | 2859 ||| Stepping ~*~*~tactically~*~*~ (stealth).
  3245 | D:3      | 3245 ||| READING scroll labelled OMUHOO ECOCLO.
  3346 | D:3      | 3346 ||| DRINKING 2 orange potions.
  3347 | D:3      | 3347 ||| DROPPING potion of brilliance.
  3371 | D:4      | 3371 ||| STAIRDANCE
  3416 | D:4      | Reached XP level 5. HP: 45/45 MP: 4/4
  3433 | D:4      | Found a staircase to the Ecumenical Temple.
  3454 | D:4      | 3454 ||| Stepping ~*~*~tactically~*~*~ (stealth).
  3501 | D:4      | 3501 ||| DROPPING +0 whip.
  3525 | D:4      | Reached *** piety under Trog
  3548 | D:4      | Noticed Natasha
  3550 | D:4      | 3550 ||| INVOKING Berserk.
  3552 | D:4      | Killed Natasha
  3553 | D:4      | Reached skill level 1 in Throwing
  3627 | D:4      | 3627 ||| Stepping ~*~*~tactically~*~*~ (stealth).
  3630 | D:4      | 3630 ||| Stepping ~*~*~tactically~*~*~ (stealth).
  3633 | D:4      | Reached skill level 7 in Axes
  3634 | D:4      | 3634 ||| Stepping ~*~*~tactically~*~*~ (stealth).
  3637 | D:4      | 3637 ||| Stepping ~*~*~tactically~*~*~ (stealth).
  3723 | D:4      | 3723 ||| Stepping ~*~*~tactically~*~*~ (stealth).
  3724 | D:4      | 3724 ||| Stepping ~*~*~tactically~*~*~ (stealth).
  3725 | D:4      | 3725 ||| Stepping ~*~*~tactically~*~*~ (stealth).
  3753 | D:4      | 3753 ||| Stepping ~*~*~tactically~*~*~ (stealth).
  3754 | D:4      | 3754 ||| Stepping ~*~*~tactically~*~*~ (stealth).
  3756 | D:4      | 3756 ||| Stepping ~*~*~tactically~*~*~ (hiding).
  3762 | D:4      | 3762 ||| Stepping ~*~*~tactically~*~*~ (stealth).
  3768 | D:4      | 3768 ||| INVOKING Berserk.
  3768 | D:4      | HP: 14/69 [wight/+1 flail of venom (7)]
  3770 | D:4      | Reached XP level 6. HP: 9/52 MP: 5/5
  3770 | D:4      | HP: 2/78 [wight/+0 falchion (6)]
  3771 | D:4      | Reached skill level 8 in Axes
  3771 | D:4      | Succumbed to a wight's poison

Levels and vault maps discovered:
D:1:      lemuel_arrival_lava_pool, layout_loops_ring, serial_shops,
          nicolae_shop_stone, shapermc_ecumenical_altar_mp_ritualfount,
          palyth_stone_intersect, st_stairs_3
D:2:      minmay_door_path, layout_basic, basic_altar, minivault_26,
          minmay_rat_hole, uniq_jessica
D:3:      layout_basic, mainiacjoe_overflow_small_starburst, serial_shops,
          nicolae_shop_behind_doors, minmay_misc_feat_chi, kennysheep_crisscross
D:4:      layout_basic, cheibriados_altar_1, nemelex_dance_club_becter,
          temple_statues, uniq_natasha

Skill      XL: |  1  2  3  4  5  6 |
---------------+-------------------+-----
Axes           | 4 5 6 7 8 |  8.2
Throwing       | 1 |  1.4
Fighting       | 4 |  4.1
Armour         | |  2.4
Dodging        | |  2.1

Action                   |  1- 3 |  4- 6 || total
-------------------------+-------+-------++-------
Melee: Hand axe          |    97 |    71 ||   168
       Headbutt          |     6 |    10 ||    16
       Punch             |     1 |       ||     1
Throw: Boomerang         |    15 |    13 ||    28
       Javelin           |       |     9 ||     9
Invok: Berserk           |       |     2 ||     2
  Use: Scroll            |     5 |     3 ||     8
       Potion            |       |     4 ||     4
Armor: Animal skin       |     8 |       ||     8
       Ring mail         |       |    17 ||    17
Dodge: Dodged            |    43 |    27 ||    70

Table legend:
 A = Non-vault XP
 B = Vault XP
 C = Vault XP percentage of total XP
 D = Non-vault monster count
 E = Vault monster count
 F = Vault count percentage of total count
                 A         B        C        D         E       F
            +---------+---------+-------+---------+---------+-------
      Total |     500 |      95 |  16.0 |      64 |      24 |  27.3
            +---------+---------+-------+---------+---------+-------
        D:1 |      40 |       2 |   4.8 |      22 |       2 |   8.3
        D:2 |      46 |      58 |  55.8 |      13 |      21 |  61.8
        D:3 |      46 |       0 |   0.0 |      12 |       0 |   0.0
        D:4 |     368 |      35 |   8.7 |      17 |       1 |   5.6
            +---------+---------+-------+---------+---------+-------
